 Dungeon Crawl Stone Soup version 0.26.0-10-g1f06aea511 (webtiles) character file.

Game seed: 6685949060144223286

27309 Goblin1989 the Slicer (level 13, -4/101 HPs)
             Began as a Demonspawn Delver on Jan 25, 2021.
             Was a Believer of Uskayaw.
             Killed from afar by an ice statue (17 damage)
             ... with a shard of ice
             ... in an ice cave on Jan 26, 2021.
             The game lasted 00:31:18 (18057 turns).

Goblin1989 the Slicer (Demonspawn Delver)          Turns: 18057, Time: 00:31:19

Health: -4/101     AC: 18    Str: 17    XL:     13   Next: 3%
Magic:  15/15      EV: 10    Int: 13    God:    Uskayaw [**....]
Gold:   1022       SH: 10    Dex: 18    Spells: 12/12 levels left

rFire    . . .     SeeInvis .   I - +4 dagger
rCold    + . .     Faith    .   q - +0 kite shield
rNeg     . . .     Spirit   .   G - +0 chain mail
rPois    +         Reflect  .   (helmet unavailable)
rElec    .         Harm     .   (no cloak)
rCorr    .         Rampage  .   L - +0 pair of gloves
Will     .....                  O - +0 pair of boots
Stlth    ++........             b - amulet "Ecwo Bodo" {rC+ Regen+}
HPRegen  0.66/turn              Q - +4 ring of protection
MPRegen  0.14/turn              o - ring of poison resistance

@: no status effects
A: horns 3, thin skeletal structure 2, demonic guardian 2, low mp 1, screaming
1, shaggy fur 1, spiny 2, MP-powered wands
a: Renounce Religion, Stomp, Line Pass


You were in an ice cave.
You worshipped Uskayaw.
Uskayaw was noncommittal.
You visited 3 branches of the dungeon, and saw 16 of its levels.
You also visited: Ice Cave.

You collected 1022 gold pieces.

Inventory:

Hand Weapons
 k - the +0 long sword "Mitamasm" {protect, +Inv rElec Str+3 Int-3}
   (You found it on level 10 of the Dungeon)

   It grants its wielder temporary protection when it strikes (+7 to AC).
   It affects your strength (+3).
   It affects your intelligence (-3).
   It insulates you from electricity.
   It lets you turn invisible.
 v - a +0 rapier
 I - a +4 dagger (weapon)
Missiles
 j - 5 curare-tipped darts
 w - 34 boomerangs
 P - 79 poisoned darts (quivered)
 Z - 2 throwing nets {!d , @Q1}
Armour
 a - a +0 cloak
 q - a +0 kite shield (worn)
 E - the +0 leather armour "Ruch" {rC+ Int+8}
   (You found it on level 4 of the Dungeon)

   It affects your intelligence (+8).
   It protects you from cold.
 G - a +0 chain mail (worn)
 L - a +0 pair of gloves (worn)
 O - a +0 pair of boots (worn)
Jewellery
 b - the amulet "Ecwo Bodo" (around neck) {rC+ Regen+}
   (You acquired it on level 2 of the Lair of Beasts)

   [amulet of regeneration]

   It protects you from cold.
   It increases your rate of regeneration.
 o - a ring of poison resistance (right hand)
 s - an uncursed ring of see invisible
 C - an uncursed ring of positive energy
 Q - a +4 ring of protection (left hand)
Wands
 g - a wand of digging (3) {@v1}
 i - a wand of iceblast (6) {@v4}
 n - a wand of paralysis (21) {@v7}
 r - a wand of flame (26) {@v6}
 x - a wand of enslavement (10)
 y - a wand of acid (7) {@v2}
Scrolls
 e - 5 scrolls of fear
 h - a scroll of amnesia
 u - 3 scrolls of vulnerability
 z - 3 scrolls of enchant weapon
 A - 3 scrolls of enchant armour
 B - a scroll of blinking
 H - 2 scrolls of remove curse {@r3}
 J - 2 scrolls of random uselessness
 M - 3 scrolls of magic mapping
 R - a scroll of identify {@r1}
 T - 6 scrolls of teleportation {!r, @r2}
 U - 5 scrolls of immolation
Potions
 d - 2 potions of ambrosia {unknown}
 f - 4 potions of haste {@q3,}
 l - a potion of invisibility {unknown}
 m - 7 potions of curing {@q1}
 t - 2 potions of brilliance
 D - 3 potions of might {@q4}
 F - 2 potions of cancellation
 K - 2 potions of berserk rage
 N - 2 potions of mutation {!q}
 S - 7 potions of flight
 V - 2 potions of heal wounds {@q2}
 W - 2 potions of resistance {@q6}
 X - a potion of magic
 Y - 3 potions of attraction
Miscellaneous
 p - a phial of floods


   Skills:
 + Level 9.0 Fighting
 + Level 13.7 Short Blades
 - Level 2.0 Throwing
 + Level 7.7 Armour
 + Level 8.0 Dodging
 - Level 4.5 Stealth
 + Level 5.9 Shields
 - Level 5.0 Invocations
 - Level 2.0 Evocations


You had 12 spell levels left.
You didn't know any spells.
Your spell library was empty.

Dungeon Overview and Level Annotations

Branches:
Dungeon (10/15)            Temple (1/1) D:5            Lair (5/6) D:8
 Shoals (0/4) Lair:2        Snake (0/4) Lair:2        Slime (0/5) Lair:5
    Orc (0/2) D:10          IceCv (1/1)

Altars:
Ashenzari
Cheibriados
Dithmenos
Elyvilon
Fedhas
Gozag
Hepliaklqana
Kikubaaqudgha
Makhleb
Nemelex Xobeh
Okawaru
Qazlal
Ru
Sif Muna
Trog
Uskayaw
Vehumet
Wu Jian
Xom
Yredelemnul
Zin
The Shining One
Beogh

Shops:
D:6 *

Annotations:
D:7 1 runed translucent door, exclusion: downstairs, Crazy Yiuf
Lair:2 1 runed translucent door, Qoesoec's ghost, journeyman GrFi IceCv 1 transporter, exclusion: ice statue


Innate Abilities, Weirdness & Mutations

You have a pair of large horns on your head.
You have a moderately thin skeletal structure. (Dex +4, Stealth+)
A demonic guardian rushes to your aid.
You are mostly covered in sharp spines.
Your magical capacity is low. (-10% MP)
You occasionally shout uncontrollably at your foes.
You are covered in fur. (AC +1)
You expend magic power (3 MP) to strengthen your wands.


Message History

* * * LOW HITPOINT WARNING * * *
The ice statue gestures.
The ice beast is struck by your spines.
The ice beast hits you but does no damage.
The ice beast closely misses you.
You take 3 damage, and have 14/101 hp.
You hit the ice statue but do no damage.
You headbutt the ice statue, but do no damage.
The ice statue is almost destroyed.
You are engulfed in freezing vapours.
You resist.
* * * LOW HITPOINT WARNING * * *
You take 4 damage, and have 10/101 hp.
Okay, then.
You feel much better.
You are engulfed in freezing vapours.
You resist.
* * * LOW HITPOINT WARNING * * *
The ice statue gestures at you. The shard of ice misses you.
You block the ice beast's attack. x2
The ice beast is struck by your spines.
The ice beast hits you but does no damage.
You regained 26 hp, and now have 36/101 hp.
You hit the ice statue. You headbutt the ice statue.
The ice statue is almost destroyed.
You are engulfed in freezing vapours.
You resist.
* * * LOW HITPOINT WARNING * * *
The ice beast hits you but does no damage.
The ice beast barely misses you. The ice beast is struck by your spines.
The ice beast closely misses you. You block the ice beast's attack.
You take 1 damage, and have 35/101 hp.
You hit the ice statue.
The ice statue is almost destroyed.
You are engulfed in freezing vapours.
You resist.
* * * LOW HITPOINT WARNING * * *
You block the ice beast's attack.
You take 6 damage, and have 29/101 hp.
You hit the ice statue but do no damage.
The ice statue is almost destroyed.
You are engulfed in freezing vapours.
You resist.
* * * LOW HITPOINT WARNING * * *
You block the ice beast's attack.
The ice statue glitters chillingly in the dim dungeon light.
The ice statue gestures at you. The freezing blast misses you.
You block the ice beast's attack. The ice beast barely misses you.
The ice beast hits you but does no damage.
Your ice devil hits the ice beast!
Your ice devil freezes the ice beast.
The ice beast completely resists.
You block the ice beast's attack.
You take 5 damage, and have 24/101 hp.
You hit the ice statue but do no damage.
You headbutt the ice statue.
You destroy the ice statue!
The ice beast disappears in a puff of smoke! x3
You are engulfed in freezing vapours.
You resist.
* * * LOW HITPOINT WARNING * * *
The ice beast is struck by your spines.
The ice beast hits you but does no damage.
The ice statue gestures at you. The freezing blast misses you.
Your Dodging skill increases to level 8!
You take 4 damage, and have 20/101 hp.
You feel much better. You block the ice beast's attack.
Your ice devil hits the ice beast.
Your ice devil freezes the ice beast.
The ice beast completely resists.
The ice beast is struck by your spines. The ice beast hits you.
* * * LOW HITPOINT WARNING * * *
The ice beast freezes you! You resist.
* * * LOW HITPOINT WARNING * * *
The ice beast is struck by your spines.
The ice beast hits you but does no damage.
You regained 11 hp, and now have 31/101 hp.
Really walk into that cloud of freezing vapour? [Y]es or [N]o only, please.
Really walk into that cloud of freezing vapour?
Okay, then.
As you read the scroll of fog, it crumbles to dust.
The scroll dissolves into smoke.
The ice beast is struck by your spines.
The ice beast hits you but does no damage.
Your ice devil hits the ice beast.
Your ice devil freezes the ice beast.
The ice beast completely resists.
The ice beast hits you but does no damage.
You block the ice beast's attack.
Okay, then.
The ice beast hits you.
* * * LOW HITPOINT WARNING * * *
The ice beast freezes you. You resist.
* * * LOW HITPOINT WARNING * * *
Your ice devil misses the ice beast.
The ice beast hits you but does no damage.
You block the ice beast's attack. The ice statue gestures at you.
The freezing blast engulfs you! You resist.
* * * LOW HITPOINT WARNING * * *
You take 19 damage, and have 12/101 hp.
Blink to where?
Press: ? - help, Dir - move target
As you read the scroll of blinking, it crumbles to dust.
Your ice devil hits the ice beast!
The ice beast dies!
The ice statue gestures at you. The shard of ice hits you!
You partially resist.
You die...

███...████
██........██
█....°°°☼..██
█.....§☼....██
█.8..Y☼☼4....█
█[.).°Y§§....█
█©:.?..☼§©.∩.█
█(.).........█
█.8.@8.......█
█...........██
█..........██
██........██
███...████


█████ You could see an ice statue, 2 ice beasts and a friendly ice devil
(summoned).

Vanquished Creatures
  Josephine (D:10)
  A hydra (Lair:1)
  A two-headed ogre (D:9)
  A death yak (Lair:2)
  Sonja (D:10)
  Nergalle (D:10)
  An ugly thing (IceCv)
  A merfolk siren (Lair:2)
  An ice statue (IceCv)
  2 black mambas (Lair:2)
  11 cane toads
  A rime drake (Lair:4)
  2 komodo dragons
  2 polar bears (Lair:2)
  3 merfolk (Lair:2)
  13 blink frogs
  A shadow (D:10)
  3 wraiths
  A wyvern (Lair:3)
  22 yaks
  A steam dragon (Lair:4)
  3 basilisks (Lair:3)
  A two-headed ogre zombie (D:10)
  2 nagas (Lair:2)
  5 water moccasins
  An acid dragon (Lair:4)
  2 sky beasts (D:9)
  An eye of draining (D:8)
  2 ice beasts (IceCv)
  A swamp drake (Lair:4)
  A black bear (D:7)
  A necrophage (D:9)
  2 ogres
  6 wolves
  2 centaurs
  2 phantoms (D:10)
  Blork the orc (D:6)
  10 bullfrogs
  A wyvern zombie (D:9)
  A scorpion (D:9)
  4 killer bees (D:7)
  6 wights (D:10)
  2 howler monkeys (D:9)
  2 orc priests (D:9)
  5 hounds
  A jelly (D:8)
  4 orc wizards
  12 worker ants
  7 ogre zombies (D:10)
  A worker ant zombie (D:6)
  7 adders
  4 gnolls (D:8)
  A shadow imp (D:5)
  6 white imps
  An ooze (D:1)
  An adder zombie (D:5)
  A worm (D:3)
  4 dart slugs
  4 leopard geckos
  13 orcs
  4 giant cockroaches
  11 goblins
  5 hobgoblins
  14 jackals
  6 kobolds
  2 quokkas
  A ball python (D:6)
  5 bats
  5 frilled lizards
  A giant cockroach zombie (D:5)
  2 goblin skeletons (D:10)
  A goblin zombie (D:10)
  3 hobgoblin zombies (D:10)
  A leopard gecko skeleton (D:4)
  4 orc skeletons (D:10)
  12 orc zombies (D:10)
  A quokka zombie (D:5)
  6 rats
286 creatures vanquished.

Vanquished Creatures (collateral kills)
  Erolcha (D:9)
  Pikel (D:6)
  An ugly thing (IceCv)
  A black mamba (Lair:2)
  A torpor snail (Lair:4)
  2 cane toads (Lair:3)
  7 blink frogs
  A wyvern (D:8)
  12 yaks
  A water moccasin (Lair:1)
  An orc warrior (D:9)
  4 ice beasts (IceCv)
  2 ogres
  A necrophage (D:5)
  A wolf (Lair:2)
  2 bullfrogs
  A scorpion (D:9)
  2 wights (D:10)
  An orc priest (D:9)
  A hound (D:10)
  A bullfrog skeleton (D:9)
  An iguana (D:5)
  A worker ant (D:10)
  8 white imps (Lair:5)
  An orc (D:9)
  A goblin zombie (D:10)
  A hobgoblin skeleton (D:10)
  An orc skeleton (D:10)
59 creatures vanquished.

Vanquished Creatures (others)
  3 fungi
  13 plants
16 creatures vanquished.

Grand Total: 361 creatures vanquished

Notes
Turn   | Place    | Note
-------+----------+-------------------------------------------
     0 | D:5      | Goblin1989 the Demonspawn Delver began the quest for the
                  | Orb.
     0 | D:5      | Reached XP level 1. HP: 18/18 MP: 1/1
    14 | D:5      | Noticed a hound
   303 | D:4      | Reached skill level 2 in Short Blades
   705 | D:3      | Gained mutation: You have a somewhat thin skeletal
                  | structure. (Dex +2, Stealth) [demonic ancestry]
   705 | D:3      | Reached XP level 2. HP: 23/24 MP: 2/2
   972 | D:2      | Reached skill level 3 in Short Blades
   972 | D:2      | Gained mutation: A weak demonic guardian rushes to your
                  | aid. [demonic ancestry]
   972 | D:2      | Reached XP level 3. HP: 13/29 MP: 3/3
  1307 | D:1      | Gained mutation: You occasionally shout uncontrollably at
                  | your foes. [potion of mutation]
  1307 | D:1      | Gained mutation: Armour fits poorly on your strangely
                  | shaped body. [potion of mutation]
  1307 | D:1      | Gained mutation: You expend magic power (3 MP) to
                  | strengthen your wands. [potion of mutation]
  1332 | D:1      | Gained mutation: You have a moderately thin skeletal
                  | structure. (Dex +4, Stealth+) [demonic ancestry]
  1332 | D:1      | Reached XP level 4. HP: 21/35 MP: 4/4
  1557 | D:1      | Reached skill level 4 in Short Blades
  3434 | D:2      | Gained mutation: You are partially covered in sharp spines.
                  | [demonic ancestry]
  3434 | D:2      | Reached XP level 5. HP: 28/41 MP: 5/5
  3642 | D:2      | Found an ornate altar of the Wu Jian Council.
  3699 | D:3      | Noticed an ogre
  3712 | D:3      | Killed an ogre
  3713 | D:3      | Reached skill level 5 in Short Blades
  4465 | D:4      | Found a blossoming altar of Fedhas.
  4522 | D:4      | Gained mutation: A demonic guardian rushes to your aid.
                  | [demonic ancestry]
  4522 | D:4      | Reached XP level 6. HP: 22/47 MP: 6/6
  4864 | D:4      | Reached skill level 6 in Short Blades
  5061 | D:4      | Got a spiked leather armour
  5534 | D:5      | Found a staircase to the Ecumenical Temple.
  5546 | D:5      | Reached skill level 1 in Throwing
  5546 | D:5      | Reached skill level 1 in Armour
  5555 | Temple   | Entered the Ecumenical Temple
  5706 | Temple   | Became a worshipper of Uskayaw the Reveller
  5816 | D:5      | Reached * piety under Uskayaw
  5820 | D:5      | Reached ** piety under Uskayaw
  5821 | D:5      | Reached XP level 7. HP: 43/52 MP: 7/7
  6078 | D:5      | Reached *** piety under Uskayaw
  6080 | D:5      | Reached **** piety under Uskayaw
  6216 | D:5      | Found a sparkling altar of Nemelex Xobeh.
  6568 | D:6      | Found a basalt altar of Yredelemnul.
  6596 | D:6      | Noticed Pikel
  6607 | D:6      | Killed Pikel
  7042 | D:6      | Noticed Blork the orc
  7057 | D:6      | Killed Blork the orc
  7058 | D:6      | Reached XP level 8. HP: 34/60 MP: 8/8
  7251 | D:6      | Found Polonte's Mayhem Merchandise.
  7582 | D:7      | Found a glowing golden altar of the Shining One.
  7690 | D:7      | Reached skill level 1 in Invocations
  7698 | D:7      | Reached skill level 1 in Evocations
  7714 | D:7      | Found a snail-covered altar of Cheibriados.
  7738 | D:7      | Found a shimmering altar of Xom.
  7962 | D:8      | HP: 3/61 [poisoned by a gnoll]
  8471 | D:8      | Found a staircase to the Lair.
  9029 | D:8      | Lost mutation: Armour fits poorly on your strangely shaped
                  | body. [potion of mutation]
  9029 | D:8      | Lost mutation: You occasionally shout uncontrollably at
                  | your foes. [potion of mutation]
  9029 | D:8      | Gained mutation: Your magical capacity is low. (-10% MP)
                  | [potion of mutation]
  9029 | D:8      | Gained mutation: You occasionally shout uncontrollably at
                  | your foes. [potion of mutation]
  9029 | D:8      | Gained mutation: You are covered in fur. (AC +1) [potion of
                  | mutation]
  9045 | D:9      | Noticed a two-headed ogre
  9058 | D:8      | Identified the cursed +0 leather armour "Ruch" {rC+ Int+8}
                  | (You found it on level 4 of the Dungeon)
  9100 | D:9      | Reached skill level 7 in Short Blades
  9104 | D:9      | Reached skill level 5 in Fighting
  9120 | D:9      | Reached ***** piety under Uskayaw
  9135 | D:9      | Gained mutation: You have a pair of small horns on your
                  | head. [demonic ancestry]
  9135 | D:9      | Reached XP level 9. HP: 30/68 MP: 9/9
  9145 | D:9      | Reached skill level 12 in Short Blades
  9145 | D:9      | Gained mutation: You are mostly covered in sharp spines.
                  | [demonic ancestry]
  9145 | D:9      | Reached XP level 10. HP: 6/75 MP: 10/10
  9148 | D:9      | Reached ****** piety under Uskayaw
  9551 | D:9      | Reached skill level 5 in Dodging
  9749 | D:9      | Noticed Erolcha
  9812 | Lair:1   | Entered Level 1 of the Lair of Beasts
  9948 | Lair:1   | Noticed a cane toad
  9951 | Lair:1   | Killed a cane toad
  9990 | Lair:1   | Reached skill level 1 in Shields
 10409 | Lair:1   | Noticed an eight-headed hydra
 10415 | Lair:1   | Killed an eight-headed hydra
 10416 | Lair:1   | Reached skill level 5 in Armour
 10562 | Lair:1   | Gained mutation: You have a pair of horns on your head.
                  | [demonic ancestry]
 10562 | Lair:1   | Reached XP level 11. HP: 33/82 MP: 12/12
 11615 | D:9      | Killed Erolcha
 11616 | D:9      | Reached skill level 5 in Invocations
 12102 | D:7      | Found a runed translucent door.
 12103 | D:7      | Noticed Crazy Yiuf
 12455 | D:9      | Killed a two-headed ogre
 12456 | D:9      | Reached skill level 13 in Short Blades
 12465 | D:9      | Found a roughly hewn altar of Beogh.
 12661 | D:10     | Entered Level 10 of the Dungeon
 12662 | D:10     | Noticed Josephine
 12736 | D:10     | Noticed Nergalle
 12758 | D:10     | Killed Josephine
 12768 | D:10     | Killed Nergalle
 13092 | D:10     | Got a twisted long sword
 13158 | D:10     | Identified the cursed +0 long sword "Mitamasm" {protect,
                  | +Inv rElec Str+3 Int-3} (You found it on level 10 of the
                  | Dungeon)
 13276 | D:10     | Noticed Sonja
 13296 | D:10     | Killed Sonja
 13674 | D:10     | Found a staircase to the Orcish Mines.
 14334 | Lair:2   | Gained mutation: You have a pair of large horns on your
                  | head. [demonic ancestry]
 14334 | Lair:2   | Reached XP level 12. HP: 71/92 MP: 14/14
 14334 | Lair:2   | Found a staircase to the Shoals.
 14755 | Lair:2   | Found a staircase to the Snake Pit.
 15043 | Lair:2   | Noticed a death yak
 15052 | Lair:2   | Killed a death yak
 15150 | Lair:2   | Found a runed translucent door.
 15159 | Lair:2   | Noticed Qoesoec's ghost (journeyman GrFi)
 15548 | Lair:2   | Identified a scroll of acquirement
 15558 | Lair:2   | Acquired the amulet "Ecwo Bodo" {rC+ Regen+}
 15589 | Lair:3   | Reached skill level 5 in Shields
 17928 | Lair:5   | Found a frozen archway.
 17946 | IceCv    | Entered an ice cave
 17964 | IceCv    | Reached XP level 13. HP: 86/100 MP: 15/15
 17988 | IceCv    | Found a transporter.
 18002 | IceCv    | Found a transporter.
 18057 | IceCv    | Killed from afar by an ice statue

Illustrated notes

Levels and vault maps discovered:
D:1:      psy_arrival_radial02, layout_basic
D:2:      layout_loops_cross, lemuel_coloured_pillars_altar
D:3:      layout_loops_cross
D:4:      layout_loops_ring, fedhas_altar_2
D:5:      layout_basic, kennysheep_little_box, minmay_temple_entry_glass,
          serial_co_window_serial, co_window_paths_a, co_window_corner_a,
          co_window_paths_a, co_window_paths_a, co_window_of_opportunity_a,
          co_window_2corner, co_window_corner_ca, co_window_2corner,
          co_window_paths_c, co_window_corner_ca, co_window_2corner,
          co_window_2corner, glass_columns_c, glass_columns_b, glass_columns_c,
          glass_columns_a, glass_columns_b
D:6:      layout_cave_pools, yredelemnul_altar_generic, hangedman_glass_teeth,
          minmay_shop_mayhem, uniq_blork_the_orc, uniq_pikel
D:7:      layout_basic, lemuel_doored_altar, kennysheep_mini_moat,
          overflow_temple_1_default, minmay_puff, uniq_crazy_yiuf_cottage
D:8:      layout_loops_ring, lair_entry_dummy
D:9:      layout_rooms, chequers_serial_rivers_small_3,
          david_defended_altar_orc, uniq_erolcha
D:10:     layout_loops_ring, zombieorc2_lemuel, serial_glass, glass_columns_c,
          glass_columns_b, hangedman_decor_riveting, minivault_4, uniq_nergalle,
          uniq_josephine, uniq_sonja
Temple:   regret_index_temple_waves
Lair:1:   layout_loops_ring, nicolae_quartered_pool_medium, minivault_23,
          infiniplex_staircase_pool_2
Lair:2:   layout_regular_city, elwin_shoals_entry_stream,
          guppyfry_snake_entry_island, ebering_ghost_reflecting_pool,
          hangedman_lair_generics_rect
Lair:3:   layout_hall_layers, beast_lair_carwin_5
Lair:4:   layout_layer_cave, guppyfry_lair_drakes
Lair:5:   layout_regular_city, minmay_slime_entry_oklob_enclosed,
          portal_ice_cave_entry_imps, chequers_serial_rivers_marsh,
          grunt_megastairs_4
IceCv:    ice_cave_statue_garden_transporter

Skill      XL: |  1  2  3  4  5  6  7  8  9 10 11 12 13 |
---------------+----------------------------------------+-----
Short Blades   | 2 3 4 5 6 7 12 13 | 13.7
Dodging        | 2 3 4 5 6 7 8 |  8.0
Throwing       | 1 2 |  2.0
Armour         | 1 2 4 5 6 7 |  7.7
Fighting       | 4 5 6 7 8 9 |  9.0
Invocations    | 2 3 5 |  5.0
Evocations     | 2 |  2.0
Shields        | 1 4 5 |  5.9
Stealth        | |  4.5

Action                   |  1- 3 |  4- 6 |  7- 9 | 10-12 | 13-15 || total
-------------------------+-------+-------+-------+-------+-------++-------
Melee: Short sword       |    92 |   151 |       |       |       ||   243
       Dagger            |       |    44 |   161 |   645 |    40 ||   890
       Headbutt          |       |       |     1 |   148 |    10 ||   159
Throw: Dart              |    16 |    14 |    34 |     5 |       ||    69
Evoke: Wand              |       |       |       |     1 |       ||     1
  Use: Potion            |     3 |       |     5 |     1 |     3 ||    12
       Scroll            |       |       |       |    21 |     3 ||    24
 Stab: Sleeping          |     2 |    13 |     3 |     4 |       ||    22
       Paralysed         |       |       |     7 |    45 |       ||    52
       Distracted        |       |       |       |     3 |       ||     3
Armor: Leather armour    |    23 |    44 |    20 |    12 |       ||    99
       Skin              |    25 |       |       |       |       ||    25
       Chain mail        |       |       |       |   102 |    20 ||   122
Dodge: Dodged            |    63 |   109 |    76 |   158 |    13 ||   419
Block: Buckler           |       |       |       |    12 |       ||    12
       Kite shield       |       |       |       |   157 |    18 ||   175
